cohdb
Replays
Latest Replays
All Replays
Popular Replays
Top Player Replays
Match Explorer
How It Works
Community
CoH3 Stats
Reddit
Sign in to upload your games and track your stats! →
Sign in with Steam
Match 43374813
Unlisted
Match 43374813
Overview
Messages
Build Orders
End
Panzergrenadier Squad
Selects Panzerjäger Kommand Battlegroup
Selects Mine Fields
250 Light Carrier
Panzerpioneer Squad
Panzergrenadier Squad
Construct Light Support Kompanie
Fire Support Elements
Panzerjäger Squad
2.5-tonne Medical Truck
Selects Defensive Positions
Selects Tank Busters
Veteran Squad Leaders
Vehicle Survival Package
Panzerjäger Squad
Construct Panzerarmee Kommand
Selects Butterfly Bomb Drop
Panzer III L Medium Tank
Emergency Repair Kits
Panzer III L Medium Tank
Selects Crew Shock Tactics
Panzer III L Medium Tank
Butterfly Bomb Drop
Tungsten Core Ammunition
Rapid Advance
Armored Reserves
Selects Anti-tank Overwatch
Panzerjäger Squad
Advanced Optics
Tiger Heavy Tank
Anti-tank Overwatch
Walking Stuka Rocket Launcher
Advanced Field Repairs
Crew Shock Tactics
Anti-tank Overwatch
Flak 36 Anti-tank Gun Team
Butterfly Bomb Drop
Anti-tank Overwatch
Butterfly Bomb Drop
$nackzor
$teenzor
Меткић'94
Generick
anioki
LotDExile
0
0
Comments
sign in to comment!
No comments posted yet!